 Dungeon Crawl Stone Soup version 0.32-a0-938-g40ac7a0 (webtiles) character file.

Game seed: 8110426970669634555

1787 Dorkslayer the Grappler (level 8, -2/76 HPs)
             Began as a Troll Berserker on Apr 18, 2024.
             Was an Elder of Trog.
             Slain by a two-headed ogre
             ... wielding a +0 giant club
              (12 damage)
             ... on level 6 of the Dungeon.
             The game lasted 00:13:18 (4381 turns).

Dorkslayer the Grappler (Troll Berserker)           Turns: 4381, Time: 00:13:19

Health: -2/76      AC:  5    Str: 34    XL:     8   Next: 82%
Magic:  7/7        EV:  9    Int:  3    God:    Trog [****..]
Gold:   465        SH:  0    Dex:  9    Spells: 7/7 levels left

rFire   . .          .
                       - Unarmed
rCold   . . .        (no shield)
rNeg    . . .        a - +0 animal skin
rPois   .            (helmet restricted)
rElec   .            u - +0 cloak
rCorr   .            (gloves unavailable)
SInv    .            (boots unavailable)
Will    .....        (no amulet)
Stlth   +            s - +6 ring of strength
HPRegen 1.12/turn    (no ring)
MPRegen 0.10/turn

%: no passive effects
@: mighty
A: large, unfitting armour, claws 3, regeneration 1, shaggy fur 1, tough skin 1
a: Renounce Religion, Berserk, Trog's Hand, Brothers in Arms


You were on level 6 of the Dungeon.
You worshipped Trog.
Trog was greatly pleased with you.
You visited 1 branch of the dungeon, and saw 6 of its levels.
You also visited: Ossuary.

You collected 591 gold pieces.
You spent 126 gold pieces at shops.

Inventory:

Hand Weapons
 o - a +0 war axe
Missiles
 n - 2 boomerangs (quivered)
Armour
 a - a +0 animal skin (worn)
 u - a +0 cloak (worn)
Jewellery
 s - a +6 ring of strength (left claw)
Talismans
 r - a serpent talisman
Wands
 y - a wand of polymorph (3)
Scrolls
 l - a scroll of fear
 m - 2 scrolls of enchant armour
Potions
 e - a potion of berserk rage
 f - a potion of enlightenment
 g - 7 potions of curing
 i - a potion of magic
 k - a potion of mutation {unknown}
 q - 4 potions of attraction
 t - 2 potions of resistance
 v - 2 potions of ambrosia
 w - 6 potions of lignification
 x - a potion of might
 z - a potion of heal wounds {unknown}


   Skills:
 + Level 3.6 Fighting
 + Level 4.8 Dodging
 + Level 1.3 Stealth
 + Level 8.7 Unarmed Combat
 * Level 1.0 Evocations
 * Level 3.5 Shapeshifting


You had 7 spell levels left.
You didn't know any spells.
Your spell library was empty.

Dungeon Overview and Level Annotations

Branches:
Dungeon (6/15)            Ossuary (visited)
 Temple: D:4-7

Altars:
Elyvilon
Nemelex Xobeh
Ru
The Shining One

Shops:
D:4 ([*   D:5 (


Innate Abilities, Weirdness & Mutations

You are too large for most types of armour.
You have claws for hands.
Your natural rate of healing is unusually fast.
You are covered in fur. (AC +1)
You have tough skin. (AC +1)


Message History

You open the door.
There is an open door here.
You feel your willpower return.
You open the door. You open the door.
There is an open door here.
Found 4 stones.
Found a potion of might.
x - 2 potions of might (gained 1)
You open the door.
There is an open door here.
There is an open door here.
You open the large door.
There is a large open door here.
A two-headed ogre and a troll come into view.
Found a potion of attraction.
A centaur comes into view.
There is a large open door here.
Okay, then.
Okay, then.
You feel very mighty all of a sudden.
You barely miss the two-headed ogre.
The two-headed ogre hits you with a +0 giant club!!
The two-headed ogre hits you with a +0 giant spiked club!!
You closely miss the two-headed ogre.
The two-headed ogre hits you with a +0 giant club!!
* * * LOW HITPOINT WARNING * * *
The two-headed ogre barely misses you.
You barely miss the two-headed ogre. You mangle the two-headed ogre!!
The two-headed ogre is moderately wounded.
The two-headed ogre barely misses you.
The two-headed ogre hits you with a +0 giant spiked club!
* * * LOW HITPOINT WARNING * * *
You barely miss the two-headed ogre.
The two-headed ogre is moderately wounded.
You barely miss the two-headed ogre.
The two-headed ogre is moderately wounded.
The two-headed ogre hits you with a +0 giant club!
You die...

..............
..#...#########.# .#.....#
#.# ###...## #.# ##.## #.#
#.# #.# #.# #.# ##'##
#.##### ##...## #.@OT.#
##.....## ##.###.##
#.......## ##..# #..#
.........####..####''####
.........'....##........##
.........######....T.....#
#.......## ##............#
##.....## #..............
##...## #...............


You could see a two-headed ogre and a troll.

Vanquished Creatures
  Sigmund (D:3)
  The ghost of ddoljuk the Ruffian, an amateur TrMo (D:3)
  4 ogres
  3 phantoms
  Blork the orc (D:5)
  2 elf skeletons (D:4)
  A scorpion (D:5)
  2 hounds
  2 orc priests (D:5)
  A jelly (D:5)
  3 bombardier beetles
  A human skeleton (D:4)
  An orc wizard (D:3)
  8 mummies (Ossuary)
  Robin (D:3)
  10 adders
  8 gnolls
  2 ribbon worms (D:3)
  5 dart slugs
  17 orcs
  12 endoplasms
  2 giant cockroaches
  16 goblins
  12 hobgoblins
  4 jackals (D:1)
  2 kobolds
  4 quokkas (D:1)
  6 ball pythons
  5 bats
  5 frilled lizards
  A gnoll zombie (Ossuary)
  5 kobold zombies (Ossuary)
  3 orc skeletons (D:4)
  2 orc zombies (Ossuary)
  8 rats
161 creatures vanquished.

Notes
Turn   | Place    | Note
-------+----------+-------------------------------------------
     0 | D:1      | Dorkslayer the Troll Berserker began the quest for the Orb.
     0 | D:1      | Reached XP level 1. HP: 22/22 MP: 0/0
    44 | D:1      | Reached XP level 2. HP: 28/29 MP: 1/1
   247 | D:1      | Reached ** piety under Trog
   283 | D:1      | Reached XP level 3. HP: 36/36 MP: 2/2
  1047 | D:2      | Identified the +4 dagger of Itiejula {flame, Dex+2}
  1113 | D:2      | Reached XP level 4. HP: 44/44 MP: 3/3
  1228 | D:3      | Reached skill level 4 in Unarmed Combat
  1296 | D:3      | Reached XP level 5. HP: 47/53 MP: 4/4
  1350 | D:3      | Reached *** piety under Trog
  1355 | D:3      | Noticed Robin
  1374 | D:3      | Killed Robin
  1464 | D:3      | Noticed Sigmund
  1472 | D:3      | Killed Sigmund
  1473 | D:3      | Reached skill level 5 in Unarmed Combat
  1473 | D:3      | Reached XP level 6. HP: 56/61 MP: 5/5
  1591 | D:3      | Found a runed translucent gate.
  1593 | D:3      | Found a runed translucent gate.
  1593 | D:3      | Found a runed translucent gate.
  1600 | D:3      | Noticed ddoljuk's ghost (amateur TrMo)
  1967 | D:3      | Killed ddoljuk's ghost
  1968 | D:3      | Reached skill level 6 in Unarmed Combat
  1968 | D:3      | Reached XP level 7. HP: 50/67 MP: 6/6
  2006 | D:4      | Found a glowing golden altar of the Shining One.
  2051 | D:4      | Reached skill level 1 in Shapeshifting
  2055 | D:4      | Found a sparkling altar of Nemelex Xobeh.
  2312 | D:4      | Reached skill level 7 in Unarmed Combat
  2365 | D:4      | Reached **** piety under Trog
  2499 | D:4      | Found a sand-covered staircase.
  2511 | Ossuary  | Entered an ossuary
  2586 | Ossuary  | Reached XP level 8. HP: 64/75 MP: 7/7
  2776 | D:4      | Reached skill level 1 in Stealth
  2967 | D:4      | Found Muihu's Armour Emporium.
  2968 | D:4      | Found Xeuf's General Store.
  2979 | D:4      | Found Sehioxes's Weapon Emporium.
  3455 | D:5      | Entered Level 5 of the Dungeon
  3455 | D:5      | Found Tiexi's Weapon Boutique.
  3461 | D:5      | Noticed Blork the orc
  3471 | D:5      | Killed Blork the orc
  3472 | D:5      | Reached skill level 8 in Unarmed Combat
  3556 | D:4      | Bought a scroll of enchant armour for 90 gold pieces
  3556 | D:4      | Bought a potion of curing for 36 gold pieces
  3591 | D:5      | Found a white marble altar of Elyvilon.
  3647 | D:5      | Found a sacrificial altar of Ru.
  3995 | D:5      | Reached skill level 1 in Evocations
  4361 | D:6      | Noticed a two-headed ogre
  4361 | D:6      | Noticed a troll
  4381 | D:6      | Slain by a two-headed ogre

Illustrated notes

Levels and vault maps discovered:
D:1:      amcnicky_arrival_wind_blow, layout_basic, minmay_circled_x
D:2:      layout_rooms, kennysheep_generic_room_4
D:3:      layout_loops_cross, gammafunk_ghost_split, minivault_27, uniq_sigmund,
          uniq_robin
D:4:      layout_basic, tso_metal_star, lemuel_crystal_altar,
          nicolae_ossuary_entry_catacombs, nicolae_shop_distant_corner_stores,
          minmay_circle_x
D:5:      layout_loops_ring, nicolae_elyvilon_temple_path,
          amcnicky_altar_gilded, serial_shops, shop, uniq_blork_the_orc
D:6:      kennysheep_big_flooded_room, layout_loops_corners,
          mainiacjoe_overflow_concentric_impassable

Skill      XL: |  1  2  3  4  5  6  7  8 |
---------------+-------------------------+-----
Dodging        | 3 4 |  4.8
Unarmed Combat | 4 5 6 7 8 |  8.7
Fighting       | 3 |  3.6
Shapeshifting  | 2 3 |  3.5
Stealth        | 1 |  1.3
Evocations     | 1 |  1.0

Action                     |  1- 3 |  4- 6 |  7- 9 || total
---------------------------+-------+-------+-------++-------
  Melee: Unarmed           |   103 |    99 |   183 ||   385
         Punch             |     2 |     1 |     7 ||    10
 Invoke: Berserk           |       |       |     1 ||     1
         Trog's Hand       |       |       |     1 ||     1
    Use: Potion            |       |     5 |     1 ||     6
         Scroll            |       |       |    12 ||    12
   Stab: Sleeping          |       |       |     2 ||     2
 Armour: Animal skin       |    60 |    65 |   110 ||   235
  Dodge: Dodged            |    51 |    36 |    83 ||   170

Table legend: (Time is in decaauts)
 A = Elapsed time spent in this place.
 B = Non-inter-level travel time spent in this place.
 C = Inter-level travel time spent in this place.
 D = Time resting spent in this place.
 E = Time spent auto-exploring this place.
 F = Levels seen in this place.
 G = Mean time per level.
                   A        B        C        D        E       F      G
               +--------+--------+--------+--------+--------+-----+--------+
         Total |   4349 |   4349 |      0 |      0 |   2332 |   7 |  621.3 |
       Dungeon |   4092 |   4092 |      0 |      0 |   2244 |   6 |  682.0 |
       Ossuary |    257 |    257 |      0 |      0 |     88 |   1 |  257.0 |
               +--------+--------+--------+--------+--------+-----+--------+

Top non-repeatable levels by time:
     D:4: 1128 daAuts
     D:3: 850 daAuts
     D:1: 807 daAuts
     D:5: 737 daAuts
     D:2: 392 daAuts
 Ossuary: 257 daAuts
     D:6: 176 daAuts
